 Dungeon Crawl Stone Soup version 0.32-a0-918-g0f22ef8d61 (webtiles) character file.

Game seed: 13658500253853848481

1097 pokeman the Thaumaturge (level 8, -1/45 HPs)
             Began as a Deep Elf Hedge Wizard on Apr 10, 2024.
             Succumbed to a water moccasin's poison
             ... on level 6 of the Dungeon on Apr 11, 2024.
             The game lasted 00:15:11 (6171 turns).

pokeman the Thaumaturge (Deep Elf Hedge Wizard)     Turns: 6171, Time: 00:15:12

Health: -1/45      AC:  7    Str:  7    XL:     8   Next: 10%
Magic:  19/22      EV: 11    Int: 22    God:
Gold:   264        SH:  0    Dex: 14    Spells: 16/24 levels left

rFire   . . .        a - +0 dagger
rCold   . . .        (no shield)
rNeg    . . .        g - +2 leather armour {Will+}
rPois   .            n - +0 helmet
rElec   .            (no cloak)
rCorr   .            (no gloves)
SInv    .            l - +0 pair of boots
Will    +....        q - amulet of magic regeneration
Stlth   ++           (no ring)
HPRegen 0.27/turn    (no ring)
MPRegen 0.58/turn

%: no passive effects
@: lethally poisoned (-1 -> -17)
A: no striking features
a: no special abilities


You were on level 6 of the Dungeon.
You visited 2 branches of the dungeon, and saw 7 of its levels.

You collected 264 gold pieces.

Inventory:

Hand Weapons
 a - a +0 dagger (weapon)
Missiles
 o - 6 curare-tipped darts
Armour
 g - a +2 leather armour of willpower (worn)
 l - a +0 pair of boots (worn)
 n - a +0 helmet (worn)
 H - an orb of energy
Magical Staves
 c - a staff of cold
 m - a staff of death
 y - a staff of alchemy
Jewellery
 f - an amulet of regeneration
 q - an amulet of magic regeneration (around neck)
 F - a ring of fire
Wands
 C - a wand of iceblast (14)
Scrolls
 h - 2 scrolls of enchant weapon {unknown}
 i - a scroll of fog {unknown}
 j - 3 scrolls of teleportation {unknown}
 k - a scroll of revelation {unknown}
 r - 2 scrolls of amnesia {unknown}
 v - a scroll of immolation {unknown}
 w - 3 scrolls of identify {unknown}
 x - a scroll of noise {unknown}
 z - a scroll of silence {unknown}
 B - a scroll of vulnerability {unknown}
 E - a scroll of poison {unknown}
 G - a scroll of enchant armour {unknown}
Potions
 b - 2 potions of brilliance {unknown}
 d - a potion of magic
 e - 3 potions of curing
 p - 3 potions of degeneration {unknown}
 s - a potion of ambrosia {unknown}
 t - 2 potions of heal wounds {unknown}
 u - 2 potions of haste {unknown}
 A - 2 potions of invisibility {unknown}
 D - a potion of resistance {unknown}


   Skills:
 + Level 2.7 Fighting
 - Level 1.0 Armour
 - Level 3.0 Dodging
 - Level 3.0 Stealth
 * Level 8.8 Spellcasting
 + Level 4.5 Conjurations
 - Level 1.1 Summonings
 - Level 1.0 Necromancy
 - Level 1.1 Translocations
 + Level 3.6 Ice Magic
 - Level 1.0 Air Magic
 - Level 1.0 Alchemy
 - Level 1.0 Evocations


You had 16 spell levels left.
You knew the following spells:

 Your Spells              Type           Power      Damage    Failure   Level
a - Magic Dart            Conj           100%       1d8       1%          1
b - Mephitic Cloud        Conj/Alch/Air  19%        N/A       12%         3
c - Call Imp              Summ           28%        N/A       10%         2
d - Blink                 Tloc           28%        N/A       10%         2

Your spell library contained the following spells:

 Spells                   Type           Power      Damage    Failure   Level
 Momentum Strike          Conj/Tloc      44%        3d9       4%          2
 Slow                     Hex            36%        N/A       10%         1
 Cigotuvi's Dreadful Rot  Necr/Alch/Air  28%        N/A       10%         2
 Lesser Beckoning         Tloc           28%        N/A       10%         2
 Scorch                   Fire           18%        2d5       16%         2
 Flame Wave               Conj/Fire      19%        2d7       36%         4
 Summon Cactus Giant      Summ           7%         N/A       100%        6


Dungeon Overview and Level Annotations

Branches:
Dungeon (6/15)             Temple (1/1) D:4

Altars:
Ashenzari
Cheibriados
Dithmenos
Gozag
Hepliaklqana
Kikubaaqudgha
Makhleb
Nemelex Xobeh
Okawaru
Ru
Sif Muna
Trog
Yredelemnul
Zin
The Shining One

Annotations:
D:5 Loot behind rock, 1 runed translucent door, Heh's ghost, novice CoGl


Message History

Your cerulean imp disappears in a puff of smoke!
Casting: Magic Dart (safe; 1% risk of failure)
Confirm with . or Enter, or press ? or * to list all spells.
Aiming: Magic Dart (safe; 1% risk of failure)
Press: ? - help, Shift-Dir - straight line, f/p - water moccasin
Aim: a water moccasin (grey smoke, heavily wounded, 100% to hit)
The magic dart hits the water moccasin.
The water moccasin is severely wounded.
* * * LOW HITPOINT WARNING * * *
You feel sick.
Casting: Magic Dart (safe; 1% risk of failure)
Confirm with . or Enter, or press ? or * to list all spells.
Aiming: Magic Dart (safe; 1% risk of failure)
Press: ? - help, Shift-Dir - straight line, f/p - water moccasin
Aim: a water moccasin (severely wounded, 100% to hit)
The magic dart hits the water moccasin.
The water moccasin is severely wounded.
* * * LOW HITPOINT WARNING * * *
You feel sick.
Casting: Magic Dart (safe; 1% risk of failure)
Confirm with . or Enter, or press ? or * to list all spells.
Aiming: Magic Dart (safe; 1% risk of failure)
Press: ? - help, Shift-Dir - straight line, f/p - water moccasin
Aim: a water moccasin (severely wounded, 100% to hit)
The magic dart hits the water moccasin but does no damage.
The water moccasin is severely wounded.
* * * LOW HITPOINT WARNING * * *
You feel sick. The water moccasin bites you.
* * * LOW HITPOINT WARNING * * *
You are more poisoned.
The water moccasin poisons you!
Your magical contamination has completely faded away.
Casting: Magic Dart (safe; 1% risk of failure)
Confirm with . or Enter, or press ? or * to list all spells.
Aiming: Magic Dart (safe; 1% risk of failure)
Press: ? - help, Shift-Dir - straight line, f/p - water moccasin
Aim: a water moccasin (severely wounded, 100% to hit)
The magic dart hits the water moccasin.
The water moccasin is almost dead.
You die...

############
)..........#
.####.####.#
.####.####.############
.#..............@S....#
.#.##.####.##########.#
......####.# #.#
##.##......# #S#
##.######### #.#
#.#...# #.# ##.##.# #.#
####.# #.# #.# #.#


You could see a water moccasin.

Vanquished Creatures
  A water moccasin (D:5)
  A black bear (D:4)
  An ogre (D:5)
  A phantom (D:5)
  A scorpion (D:4)
  A howler monkey (D:4)
  4 hounds
  A sleepcap (D:5)
  An iguana (D:5)
  6 orc wizards
  8 adders
  3 gnolls
  8 river rats (D:5)
  2 dart slugs (D:2)
  2 ribbon worms
  12 orcs
  7 ball pythons
  5 bats
  8 endoplasms
  3 giant cockroaches
  5 goblins
  9 hobgoblins
  7 jackals (D:4)
  5 kobolds
  13 quokkas
  A frilled lizard (D:2)
  23 rats
139 creatures vanquished.

Vanquished Creatures (collateral kills)
  2 gnolls (D:4)
  A goblin (D:4)
3 creatures vanquished.

Grand Total: 142 creatures vanquished

Notes
Turn   | Place    | Note
-------+----------+-------------------------------------------
     0 | D:1      | pokeman the Deep Elf Hedge Wizard began the quest for the
                  | Orb.
     0 | D:1      | Reached XP level 1. HP: 10/10 MP: 7/7
   123 | D:1      | Reached XP level 2. HP: 9/16 MP: 1/9
   697 | D:1      | Reached skill level 5 in Spellcasting
  1131 | D:1      | Reached XP level 3. HP: 20/20 MP: 8/11
  1135 | D:1      | Learned a level 3 spell: Mephitic Cloud
  1138 | D:1      | Learned a level 2 spell: Call Imp
  1141 | D:1      | Learned a level 2 spell: Blink
  1367 | D:2      | Reached skill level 1 in Armour
  1705 | D:2      | Reached skill level 1 in Fighting
  2095 | D:2      | Found a faded altar of an unknown god.
  2253 | D:2      | Reached XP level 4. HP: 25/25 MP: 8/13
  2703 | D:3      | Found an opulent altar of Gozag.
  2707 | D:3      | Found a shadowy altar of Dithmenos.
  2796 | D:3      | Reached skill level 6 in Spellcasting
  2796 | D:3      | Reached XP level 5. HP: 26/29 MP: 10/15
  3256 | D:3      | Found an iron altar of Okawaru.
  3672 | D:4      | Reached skill level 1 in Necromancy
  3682 | D:4      | Reached skill level 1 in Ice Magic
  3682 | D:4      | Reached skill level 1 in Air Magic
  3682 | D:4      | Reached skill level 1 in Alchemy
  3682 | D:4      | Reached skill level 1 in Evocations
  3685 | D:4      | Reached XP level 6. HP: 26/34 MP: 9/17
  3733 | D:4      | Found a glowing silver altar of Zin.
  3788 | D:4      | Found a staircase to the Ecumenical Temple.
  3843 | D:4      | Reached skill level 7 in Spellcasting
  3860 | Temple   | Found a transporter.
  3860 | Temple   | Found a transporter.
  3860 | Temple   | Found a transporter.
  3860 | Temple   | Found a transporter.
  3860 | Temple   | Entered the Ecumenical Temple
  4138 | D:4      | Found a sparkling altar of Nemelex Xobeh.
  4235 | D:4      | Reached XP level 7. HP: 39/39 MP: 17/19
  4448 | D:5      | Entered Level 5 of the Dungeon
  4621 | D:5      | Found a broken altar of Ashenzari.
  4625 | D:5      | Saw a vision of the Shoals and the Spider Nest.
  4625 | D:5      | Noticed a torpor snail
  4625 | D:5      | Noticed a manticore
  4625 | D:5      | Noticed a jumping spider
  4625 | D:5      | Noticed a merfolk
  4625 | D:5      | Noticed a skyshark
  4625 | D:5      | Noticed a spark wasp
  4625 | D:5      | Noticed a redback
  4625 | D:5      | Noticed a tarantella
  4625 | D:5      | Noticed a merfolk
  4625 | D:5      | Noticed a redback
  4625 | D:5      | Noticed a water elemental
  4625 | D:5      | Noticed a tarantella
  4625 | D:5      | Noticed a manticore
  4625 | D:5      | Noticed a skyshark
  4625 | D:5      | Noticed a merfolk impaler
  4625 | D:5      | Noticed a meliai
  4625 | D:5      | Noticed a pharaoh ant
  4626 | D:5      | Noticed a demonic crawler
  4626 | D:5      | Noticed a jumping spider
  4627 | D:5      | Noticed a steelbarb worm
  4627 | D:5      | Noticed a wolf spider
  4797 | D:5      | Found a runed translucent door.
  4798 | D:5      | Noticed Heh's ghost (novice CoGl)
  5097 | D:5      | Reached skill level 8 in Spellcasting
  5820 | D:5      | Reached XP level 8. HP: 12/45 MP: 16/22
  6170 | D:6      | HP: 2/45 [water moccasin (2)]
  6171 | D:6      | Succumbed to a water moccasin's poison

Illustrated notes

Levels and vault maps discovered:
D:1:      minmay_arrival_stair_chambers, layout_basic
D:2:      layout_loops_ring, ebering_ecumenical_altar_box
D:3:      layout_loops_corners, okawaru_gym_becter, grunt_temple_overflow_open,
          nicolae_concentric_dashed_squares_mild, grunt_ministairs_12
D:4:      layout_basic, mainiacjoe_overflow_six_doors_small, old_standard_altar,
          minmay_temple_entry_mini_moons
D:5:      lemuel_ratsnest, layout_basic, grunt_ashenzari_visionary
          [grunt_ashenzari_visionary_shoals, grunt_ashenzari_visionary_spider],
          gammafunk_ghost_grave, serial_glass, glass_columns_c, glass_columns_a,
          due_unseen_surprise, minmay_strange_pillars
D:6:      layout_loops_cross, grunt_temple_overflow_forces_of_nature
Temple:   hellmonk_temple_divided_pantheon

Skill      XL: |  1  2  3  4  5  6  7 |
---------------+----------------------+-----
Spellcasting   | 5 6 7 8 |  8.8
Armour         | 1 |  1.0
Fighting       | 1 2 |  2.7
Conjurations   | 2 3 4 |  4.5
Dodging        | 3 |  3.0
Stealth        | 3 |  3.0
Necromancy     | 1 |  1.0
Ice Magic      | 1 2 3 |  3.6
Air Magic      | 1 |  1.0
Alchemy        | 1 |  1.0
Evocations     | 1 |  1.0
Summonings     | |  1.1
Translocations | |  1.1

Action                     |  1- 3 |  4- 6 |  7- 9 || total
---------------------------+-------+-------+-------++-------
  Melee: Dagger            |    19 |    31 |     9 ||    59
   Cast: Magic Dart        |   114 |   141 |   161 ||   416
         Mephitic Cloud    |     1 |    10 |     3 ||    14
         Blink             |       |     2 |       ||     2
         Call Imp          |       |     1 |     6 ||     7
    Use: Potion            |       |       |     1 ||     1
   Stab: Confused          |     2 |     3 |     1 ||     6
 Armour: Robe              |     5 |       |       ||     5
         Leather armour    |    10 |    64 |    32 ||   106
  Dodge: Dodged            |    19 |    45 |    37 ||   101

Table legend: (Time is in decaauts)
 A = Elapsed time spent in this place.
 B = Non-inter-level travel time spent in this place.
 C = Inter-level travel time spent in this place.
 D = Time resting spent in this place.
 E = Time spent auto-exploring this place.
 F = Levels seen in this place.
 G = Mean time per level.
                   A        B        C        D        E       F      G
               +--------+--------+--------+--------+--------+-----+--------+
         Total |   6170 |   6053 |    117 |     15 |   4944 |   7 |  881.4 |
       Dungeon |   6137 |   6027 |    110 |     15 |   4944 |   6 | 1022.8 |
        Temple |     33 |     26 |      7 |      0 |      0 |   1 |   33.0 |
               +--------+--------+--------+--------+--------+-----+--------+

Top non-repeatable levels by time:
     D:5: 1524 daAuts
     D:2: 1338 daAuts
     D:1: 1317 daAuts
     D:3: 978 daAuts
     D:4: 781 daAuts
     D:6: 197 daAuts
  Temple: 33 daAuts
